 Dungeon Crawl Stone Soup version 0.20-a0-1089-g3fde505 (webtiles) character file.

30 Patate the Grave Robber (level 3, -5/24 HPs)
             Began as a Demonspawn Necromancer on May 4, 2017.
             Slain by Natasha (9 damage)
             ... on level 2 of the Dungeon.
             The game lasted 00:05:32 (2103 turns).

Patate the Grave Robber (Demonspawn Necromancer)    Turns: 2103, Time: 00:05:32

Health: -5/24      AC:  4    Str:  8    XL:     3   Next: 3%
Magic:  2/6        EV: 12    Int: 17    God:
Gold:   125        SH:  0    Dex: 13    Spells: 6/7 levels left

rFire    . . .     SeeInvis .   (no weapon)
rCold    . . .     Gourm    .   (no shield)
rNeg     . . .     Faith    .   a - +0 robe
rPois    .         Spirit   .   (no helmet)
rElec    .         Reflect  .   (no cloak)
rCorr    .         Harm     .   (no gloves)
MR       .....                  (no boots)
Stlth    ++........             (no amulet)
Regen    0.1/turn               (no ring)
MPRegen  0.1/turn               (no ring)

@: slowed, very slow
A: iridescent scales 1, powered by pain 1
a: no special abilities


You were on level 2 of the Dungeon.
You were hungry.

You visited 1 branch of the dungeon, and saw 2 of its levels.

You collected 125 gold pieces.

Inventory:

Armour
 a - a +0 robe (worn)
Scrolls
 d - a scroll of identify
Potions
 e - a potion of flight
 g - 2 potions of agility
 i - a potion of curing {unknown}
Books
 b - a book of Necromancy

   Spells                             Type                      Level
   a - Pain                           Necromancy                   1
   b - Animate Skeleton               Necromancy                   1
   c - Vampiric Draining              Necromancy                   3
   d - Regeneration                   Charms/Necromancy            3
   e - Animate Dead                   Necromancy                   4
   f - Control Undead                 Necromancy                   4
Comestibles
 c - 2 bread rations
 f - 4 fruits


   Skills:
 + Level 1.7 Dodging
 - Level 1.7 Stealth
 * Level 2.6 Spellcasting
 + Level 5.0 Necromancy


You had 6 spell levels left.
You knew the following spells:

 Your Spells              Type           Power        Failure   Level  Hunger
a - Pain                  Necr           ###.         2%          1    #......


Dungeon Overview and Level Annotations

Branches:
Dungeon (2/15)

Altars:
Vehumet

Annotations:
D:2 Natasha


Innate Abilities, Weirdness & Mutations

You are partially covered in iridescent scales. (AC +2)
You sometimes gain a little power by taking damage.


Message History

Press: ? - help, Shift-Dir - straight line, f - bat
Aim: a bat (moderately wounded, chance to defeat MR: 89%)
The bat writhes in agony!
You kill the bat!
Natasha casts a spell at you. The magic dart hits you!
Natasha casts a spell at you.
You feel yourself slow down.
You see here a bat corpse.
Natasha claws you but does no damage. Natasha claws you.
Casting: Pain
Confirm with . or Enter, or press ? or * to list all spells.
Aiming: Pain
Press: ? - help, Shift-Dir - straight line, f - Natasha
Aim: Natasha (chance to defeat MR: 78%) Natasha writhes in agony!
Natasha claws you.
* * * LOW HITPOINT WARNING * * *
Natasha claws you!
You die...

#.########..##.#
#.# ##..##.#
#.#######......#
#.#............#
#.#.#####......#
#.. #.....####
#.....†..#
#.#.####.#?# .
#.#.# #@#.# . .
..#.# #h#.# .♣8
.#.#.# #.#..♣..
. ......#
#.#.♣8♣... [.
### #†#..♣..♣ .#
#.#....♣ .#
#.†..♣ .#
###.♣8♣ .# ..♣


You could see Natasha.

Vanquished Creatures
  An adder (D:2)
  2 goblins
  3 hobgoblins (D:1)
  4 kobolds
  5 bats
  6 frilled lizards
  2 rats (D:2)
23 creatures vanquished.

Notes
Turn   | Place    | Note
-------+----------+-------------------------------------------
     0 | D:1      | Patate the Demonspawn Necromancer began the quest for the Orb.
     0 | D:1      | Reached XP level 1. HP: 13/13 MP: 3/3
   901 | D:1      | Gained mutation: You sometimes gain a little power by taking damage. [demonic ancestry]
   901 | D:1      | Reached XP level 2. HP: 5/19 MP: 0/5
  1407 | D:2      | Found a radiant altar of Vehumet.
  1872 | D:2      | Reached skill level 5 in Necromancy
  2033 | D:2      | Gained mutation: You are partially covered in iridescent scales. (AC +2) [demonic ancestry]
  2033 | D:2      | Reached XP level 3. HP: 23/24 MP: 4/6
  2090 | D:2      | Noticed Natasha
  2103 | D:2      | Slain by Natasha

Vault maps used:
D:1:      lightli_arrival_farm
D:2:      lemuel_crystal_altar, kennysheep_doodads, uniq_natasha

Skill      XL: |  1  2 |
---------------+-------+-----
Necromancy     | 5 |  5.0
Dodging        | |  1.7
Stealth        | |  1.7
Spellcasting   | |  2.6

Action                   || total
-------------------------++-------
Melee: Unarmed           ||    17
 Cast: Pain              ||    53
  Use: Scroll            ||     3
  Eat: Fruit             ||     2
       Chunk             ||     2
Armor: Robe              ||    19
Dodge: Dodged            ||    39
